 Dungeon Crawl Stone Soup version 0.20.0-15-g7f486f2 (webtiles) character file.

4519 theemperora the Blocker (level 10, -2/62 HPs)
             Began as a Gargoyle Fighter on June 9, 2017.
             Was a Follower of Dithmenos.
             Slain by a death yak (6 damage)
             ... on level 8 of the Dungeon.
             The game lasted 00:47:04 (9262 turns).

theemperora the Blocker (Gargoyle Fighter)          Turns: 9262, Time: 00:47:05

Health: -2/62      AC: 16    Str: 20    XL:     10   Next: 39%
Magic:  10/10      EV: 11    Int:  8    God:    Dithmenos [*.....]
Gold:   423        SH: 11    Dex: 11    Spells: 9/9 levels left

rFire    . . .     SeeInvis .   j - +1 falchion (drain)
rCold    . . .     Gourm    .   c - +0 shield
rNeg     + . .     Faith    .   w - +1 ring mail {MR+}
rPois    ∞         Spirit   .   (no helmet)
rElec    +         Reflect  .   (no cloak)
rCorr    .         Harm     .   e - +0 pair of gloves
MR       ++...                  (no boots)
Stlth    +.........             A - amulet of regeneration
Regen    0.6/turn               t - ring of protection from magic
MPRegen  0.2/turn               K - ring of poison resistance

@: wreathed by umbra
A: rugged brown scales 1, dopey 1, negative energy resistance 1, electricity
resistance, unbreathing, petrification resistance, rot immunity, AC +7
a: Renounce Religion


You were on level 8 of the Dungeon.
You worshipped Dithmenos.
Dithmenos was aware of your devotion.
You were hungry.

You visited 2 branches of the dungeon, and saw 10 of its levels.

You collected 423 gold pieces.

Inventory:

Hand Weapons
 a - a +0 long sword
 f - a +4 dagger of venom
 h - a +1 long sword
 j - a +1 falchion of draining (weapon)
 l - a +0 rapier
 y - a +2 short sword of draining
 B - a +5 scimitar
 I - a +3 scimitar
 J - a +4 battleaxe
Missiles
 H - 6 javelins of penetration (quivered)
Armour
 b - a +0 scale mail
 c - a +0 shield (worn)
 e - a +0 pair of gloves (worn)
 m - a +0 buckler
 v - a +0 leather armour of fire resistance
 w - a +1 ring mail of magic resistance (worn)
 L - a +1 chain mail of fire resistance
Jewellery
 r - an uncursed amulet of magic regeneration
 t - a ring of protection from magic (left hand)
 A - an amulet of regeneration (around neck)
 F - an uncursed ring of wizardry
 G - the ring "Tyshuecve" {rC+ MR+ Int-3 Stlth+}
   (You found it on level 7 of the Dungeon)

   [ring of protection from cold]

   It affects your intelligence (-3).
   It protects you from cold.
   It affects your resistance to hostile enchantments.
   It makes you more stealthy.
 K - a ring of poison resistance (right hand)
Wands
 d - a wand of digging (23/24)
 p - a wand of paralysis (15/24)
 M - a wand of confusion (33/48)
Scrolls
 i - 3 scrolls of remove curse
 k - a scroll of identify
 n - 2 scrolls of immolation
 o - 3 scrolls of amnesia
 q - 3 scrolls of teleportation
 x - a scroll of recharging
Potions
 g - 2 potions of haste
 C - a potion of agility
 E - a potion of ambrosia
Books
 u - a book of Frost

   Spells                             Type                      Level
   a - Freeze                         Ice                          1
   b - Throw Frost                    Conjuration/Ice              2
   c - Ozocubu's Armour               Charms/Ice                   3
   d - Throw Icicle                   Conjuration/Ice              4
   e - Summon Ice Beast               Ice/Summoning                4
Comestibles
 s - 5 bread rations
 z - a meat ration
 D - 8 fruits


   Skills:
 * Level 6.9 Fighting
 * Level 8.5 Long Blades
 * Level 7.2 Armour
 + Level 3.2 Dodging
 + Level 1.7 Stealth
 * Level 8.7 Shields


You had 9 spell levels left.
You didn't know any spells.

Dungeon Overview and Level Annotations

Branches:
Dungeon (9/15)             Temple (1/1) D:7            Lair (0/6) D:9
    Orc: D:9-12

Altars:
Ashenzari
Cheibriados
Dithmenos
Elyvilon
Fedhas
Gozag
Hepliaklqana
Kikubaaqudgha
Makhleb
Nemelex Xobeh
Okawaru
Qazlal
Ru
Sif Muna
Trog
Uskayaw
Vehumet
Xom
Yredelemnul
Zin
The Shining One

Shops:
D:5 *   D:6 (   D:8 [


Innate Abilities, Weirdness & Mutations

You are resistant to torment.
Your stone body is resilient. (AC +7)
You are immune to poison.
You resist negative energy. (rN+)
You are resistant to electric shocks. (rElec)
You can survive without breathing.
You are immune to petrification.
You are immune to rotting.
You are partially covered in rugged brown scales. (AC +1, +3% HP)
You are dopey. (Int -2)


Message History

The death yak gores you but does no damage.
The hell rat closely misses you.
You riposte.
You slash the hell rat!
The hell rat is severely wounded.
You hit the death yak. You drain the death yak!
The death yak is moderately wounded.
The death yak barely misses you. The hell rat bites you!
* * * LOW HITPOINT WARNING * * *
You hit the death yak.
The death yak is moderately wounded.
You block the hell rat's attack. The death yak gores you.
* * * LOW HITPOINT WARNING * * *
You hit the death yak.
The death yak is moderately wounded.
The hell rat closely misses you. The death yak closely misses you.
You riposte.
You hit the death yak but do no damage. You drain the death yak!
The death yak is heavily wounded.
You hit the death yak. You drain the death yak!
The death yak is heavily wounded.
You block the hell rat's attack. The death yak gores you.
You die...

#.# #.# #.# #.# #.# #.# #.#
#.# # #.# #.# #.# #.# ###.#
##.##########.# #.# #...#
#...........#.# #.# #.#.#
#...........#.# #.#
#.###########...........#.#
#.#
..#.........'.............#
#.#
..#.#########..Y@.......###
#.#
............<.>r........#
#.#
....#..#####.############
#.# ..#.#..# #)..# #.#
#.#.#..# #.#.## #.#
#.#....#####8#..# #.#
..#.#.....##.##.# #.#
....#..##.8.∩.8.# #.#
#...#..#####.#### #.#


You could see a death yak and a hell rat.

Vanquished Creatures
  The ghost of Rakdos the Cleaver, a novice MiBe of Trog (D:7)
  A manticore (D:8)
  Grinder (D:6)
  A wyvern (D:8)
  Menkaure (D:5)
  An ice beast (D:5)
  A phantom (D:8)
  2 sky beasts
  5 ogres
  2 centaurs
  A bullfrog (D:6)
  The ghost of Freeplumber the Digger, an amateur VSEE (D:3)
  5 scorpions
  6 killer bees (D:7)
  9 wights (D:8)
  A howler monkey (D:5)
  3 vampire bats (D:2)
  The ghost of dscm the Digger, a weakling OpEE (D:4)
  2 crimson imps
  A bullfrog zombie (D:7)
  A centaur zombie (D:6)
  3 hounds
  A gnoll shaman (D:5)
  2 orc priests (D:4)
  2 bullfrog skeletons
  An iguana (D:7)
  6 worker ants
  6 orc wizards
  A hound zombie (D:6)
  A howler monkey zombie (D:6)
  Robin (D:2)
  7 adders
  5 gnolls (D:5)
  A river rat (D:8)
  3 shadow imps
  An ooze (D:2)
  An adder zombie (D:8)
  An adder skeleton (D:5)
  5 worms
  A dart slug (D:1)
  3 leopard geckos
  25 orcs
  A ball python (D:4)
  4 bats
  5 bat skeletons (D:2)
  2 bat zombies (D:2)
  7 giant cockroaches
  15 goblins
  7 hobgoblins
  A jackal (D:1)
  3 quokkas
  3 frilled lizards
  6 kobolds
  A leopard gecko skeleton (D:4)
  2 quokka skeletons
  16 rats
197 creatures vanquished.

Notes
Turn   | Place    | Note
-------+----------+-------------------------------------------
     0 | D:1      | theemperora the Gargoyle Fighter began the quest for the Orb.
     0 | D:1      | Reached XP level 1. HP: 14/14 MP: 1/1
   121 | D:1      | Reached XP level 2. HP: 19/19 MP: 2/2
   947 | D:2      | Reached XP level 3. HP: 17/23 MP: 3/3
  1171 | D:2      | Found an ancient bone altar of Kikubaaqudgha.
  1179 | D:2      | Reached XP level 4. HP: 26/29 MP: 4/4
  1187 | D:2      | Reached skill level 1 in Dodging
  1187 | D:2      | Reached XP level 5. HP: 29/33 MP: 5/5
  1630 | D:2      | Found a hide-covered altar of Uskayaw.
  1929 | D:2      | Noticed Robin
  1938 | D:2      | Killed Robin
  1954 | D:2      | Noticed a moth of wrath
  1975 | D:2      | Found a bloodstained altar of Trog.
  1987 | D:2      | Reached XP level 6. HP: 27/38 MP: 6/6
  2417 | D:3      | Noticed Freeplumber's ghost (amateur VSEE)
  2432 | D:3      | Killed Freeplumber's ghost
  2937 | D:4      | Noticed dscm's ghost (weakling OpEE)
  2961 | D:4      | Killed dscm's ghost
  3211 | D:4      | Reached XP level 7. HP: 34/44 MP: 7/7
  3373 | D:4      | Gained mutation: You are dopey. (Int -2) [potion of mutation]
  3373 | D:4      | Gained mutation: You are partially covered in rugged brown scales. (AC +1, +3% HP) [potion of mutation]
  3642 | D:4      | Reached skill level 5 in Long Blades
  3878 | D:4      | Reached skill level 5 in Fighting
  4008 | D:4      | Reached skill level 5 in Shields
  4108 | D:5      | Entered Level 5 of the Dungeon
  4233 | D:5      | Reached XP level 8. HP: 33/50 MP: 8/8
  4314 | D:5      | Noticed Menkaure
  4329 | D:5      | Found Mgofaesm's Merry Market.
  4682 | D:5      | Killed Menkaure
  4682 | D:5      | Reached skill level 5 in Armour
  5702 | D:6      | Found Lodeerim's Antique Weapon Shoppe.
  5724 | D:6      | Reached XP level 9. HP: 56/56 MP: 9/9
  6040 | D:6      | Noticed Grinder
  6081 | D:6      | Killed Grinder
  6600 | D:7      | Found a staircase to the Ecumenical Temple.
  6625 | Temple   | Entered the Ecumenical Temple
  6878 | Temple   | Became a worshipper of Dithmenos the Shadowed
  7115 | D:7      | Got a transparent copper ring
  7120 | D:7      | Identified the ring "Tyshuecve" {rC+ MR+ Int-3 Stlth+} (You found it on level 7 of the Dungeon)
  7433 | D:7      | Found a radiant altar of Vehumet.
  7505 | D:7      | Reached skill level 1 in Stealth
  7514 | D:7      | Noticed Rakdos's ghost (novice MiBe)
  7633 | D:7      | Killed Rakdos's ghost
  7947 | D:8      | Noticed a manticore
  7971 | D:8      | Killed a manticore
  7971 | D:8      | Reached XP level 10. HP: 13/62 MP: 10/10
  8658 | D:8      | Found Amifracw's Armour Shoppe.
  8927 | D:8      | Reached * piety under Dithmenos
  9233 | D:9      | Found a staircase to the Lair.
  9233 | D:9      | Noticed a death yak
  9236 | D:9      | Noticed a death yak
  9237 | D:9      | Noticed a death yak
  9260 | D:8      | HP: 3/62 [death yak (4)]
  9262 | D:8      | Slain by a death yak

Skill      XL: |  1  2  3  4  5  6  7  8  9 10 |
---------------+-------------------------------+-----
Long Blades    | 2 3 4 5 6 8 |  8.5
Dodging        | 1 2 3 |  3.2
Shields        | 4 5 6 8 |  8.7
Fighting       | 4 5 6 |  6.9
Armour         | 4 5 6 7 |  7.2
Stealth        | 1 |  1.7

Action                   |  1- 3 |  4- 6 |  7- 9 | 10-12 || total
-------------------------+-------+-------+-------+-------++-------
Melee: Long sword        |    79 |   209 |    87 |       ||   375
       Falchion          |       |       |   455 |   238 ||   693
  Use: Potion            |     2 |     5 |    16 |       ||    23
       Scroll            |     1 |     7 |     5 |     4 ||    17
 Stab: Sleeping          |       |       |       |     1 ||     1
  Eat: Bread ration      |     1 |     1 |     2 |       ||     4
       Meat ration       |       |     1 |     1 |       ||     2
       Royal jelly       |       |       |     1 |       ||     1
       Fruit             |       |       |     1 |     1 ||     2
Armor: Scale mail        |    87 |   138 |   165 |       ||   390
       Ring mail         |       |       |   137 |    63 ||   200
Dodge: Dodged            |    61 |    93 |   242 |    75 ||   471
Block: Shield            |    73 |   136 |   314 |   114 ||   637
       Rpst.: Long sword |    18 |    30 |    16 |       ||    64
       Falchion          |       |       |    56 |    24 ||    80
